 Dungeon Crawl Stone Soup version 0.24.1-4-ge52af88ad5 (webtiles) character file.

Game seed: 4641191084848631687, levelgen mode: deterministic

833 Peloso the Slasher (level 7, 0/61 HPs)
             Began as a Minotaur Fighter on Apr 12, 2020.
             Shot with an arrow by a centaur (8 damage)
             ... on level 5 of the Dungeon.
             The game lasted 00:10:17 (4624 turns).

Peloso the Slasher (Minotaur Fighter)               Turns: 4624, Time: 00:10:18

Health: 0/61       AC:  7    Str: 21    XL:     7   Next: 65%
Magic:  6/6        EV:  9    Int:  5    God:
Gold:   163        SH: 10    Dex: 11    Spells: 6/6 levels left

rFire    . . .     SeeInvis .   a - +0 long sword
rCold    . . .     Gourm    .   c - +0 shield
rNeg     . . .     Faith    .   m - +0 scale mail
rPois    .         Spirit   .   (helmet restricted)
rElec    .         Reflect  .   (no cloak)
rCorr    .         Harm     .   (no gloves)
MR       +....                  (no boots)
Stlth    ..........             (no amulet)
HPRegen  0.20/turn              n - ring of protection from magic
MPRegen  0.10/turn              h - ring of flight

@: lethally poisoned (0 -> -1)
A: retaliatory headbutt, horns 2
a: Evoke Flight


You were on level 5 of the Dungeon.
You were not hungry.

You visited 1 branch of the dungeon, and saw 5 of its levels.

You collected 163 gold pieces.

Inventory:

Hand Weapons
 a - a +0 long sword (weapon)
 b - a +2 hand axe of draining
Armour
 c - a +0 shield (worn)
 m - a +0 scale mail (worn)
Jewellery
 h - a ring of flight (right hand)
 n - a ring of protection from magic (left hand)
 r - a +2 ring of intelligence {unknown}
Wands
 l - a wand of paralysis (9)
 p - a wand of acid (7)
Scrolls
 e - 2 scrolls of amnesia
 g - 2 scrolls of enchant weapon
 j - 4 scrolls of remove curse
 k - 4 scrolls of enchant armour {unknown}
 o - 4 scrolls of teleportation
 q - a scroll of immolation {unknown}
Potions
 d - 2 potions of might
 i - a potion of heal wounds
 s - 2 potions of agility {unknown}
Comestibles
 f - 2 rations


   Skills:
 + Level 5.2 Fighting
 + Level 7.1 Long Blades
 + Level 5.7 Armour
 + Level 2.4 Dodging
 + Level 0.4 Stealth
 + Level 5.4 Shields


You had 6 spell levels left.
You didn't know any spells.
Your spell library was empty.

Dungeon Overview and Level Annotations

Branches:
Dungeon (5/15)
 Temple: D:4-7

Altars:
Qazlal
Sif Muna
Yredelemnul
The Shining One


Innate Abilities, Weirdness & Mutations

You reflexively headbutt those who attack you in melee.
You have a pair of horns on your head.


Message History

You feel sick.
The centaur wields a +0 shortbow.
The centaur shoots an arrow.
The arrow hits you! You block the hound zombie's attack.
The hound zombie bites you.
You see here an arrow.
Unknown command.
The worker ant bites you but does no damage.
You feel sick. The hound zombie closely misses you.
You are no longer corroded.
You feel sick. You block the hound zombie's attack.
You feel sick.
The centaur shoots an arrow.
The arrow hits you!
* * * LOW HITPOINT WARNING * * *
The hound zombie barely misses you. You furiously retaliate!
You headbutt the hound zombie.
You riposte.
You slash the hound zombie!
You destroy the hound zombie!
You see here an arrow.
The centaur shoots an arrow.
The arrow hits you!
You die...

#.# #.##.# ###....#
#.#
#..#.######.##..#
#.# ##......##..# .#
#.# ##...#.##.## ..
#.## ###...#.#..# ..
#..# #.....#...##
#### . ##.#
####.######..###...#
#.# #....# #......#
#.# #.####
###@##..## #.###.#
###.(.##..## #).##.#
#...####...# ##.#..#
##c### #<.#...#
#.#.## #..#
##.###....# #.#.#
##.## ....# #.#.#
#.#.# #..# #.####
.... #...# ##.###..#
#.# #######..#..?###
..


You could see a centaur.

Vanquished Creatures
  A phantom (D:4)
  An ice beast (D:5)
  2 ogres (D:4)
  4 orc wizards (D:3)
  A jelly (D:5)
  An orc priest (D:3)
  A bullfrog skeleton (D:4)
  4 iguanas
  A hound zombie (D:5)
  5 adders
  4 oozes
  2 adder skeletons (D:4)
  An adder zombie (D:5)
  3 worms
  A dart slug (D:1)
  3 leopard geckos
  11 orcs
  8 giant cockroaches
  7 goblins
  7 hobgoblins
  3 jackals (D:3)
  9 kobolds
  A quokka (D:4)
  A ball python (D:1)
  5 bats
  7 frilled lizards
  A leopard gecko zombie (D:5)
  6 rats
101 creatures vanquished.

Vanquished Creatures (others)
  A jackal (D:3)
1 creature vanquished.

Grand Total: 102 creatures vanquished

Notes
Turn   | Place    | Note
-------+----------+-------------------------------------------
     0 | D:1      | Peloso the Minotaur Fighter began the quest for the Orb.
     0 | D:1      | Reached XP level 1. HP: 19/19 MP: 0/0
   145 | D:1      | Reached XP level 2. HP: 26/27 MP: 1/1
   816 | D:2      | Reached skill level 3 in Long Blades
   816 | D:2      | Reached XP level 3. HP: 33/33 MP: 2/2
   870 | D:2      | Found a shimmering blue altar of Sif Muna.
   870 | D:2      | Found a stormy altar of Qazlal.
  1113 | D:2      | Reached XP level 4. HP: 36/40 MP: 3/3
  1606 | D:3      | Reached skill level 1 in Dodging
  1612 | D:3      | Reached skill level 4 in Long Blades
  1612 | D:3      | Reached XP level 5. HP: 10/47 MP: 4/4
  2164 | D:3      | Reached skill level 5 in Shields
  2354 | D:3      | Found a glowing golden altar of the Shining One.
  2355 | D:3      | Found a basalt altar of Yredelemnul.
  2358 | D:3      | Noticed a profane servitor
  2899 | D:3      | Noticed an angel
  2979 | D:4      | Reached XP level 6. HP: 50/53 MP: 5/5
  3103 | D:4      | Reached skill level 5 in Long Blades
  3535 | D:4      | Reached skill level 5 in Armour
  3562 | D:4      | Reached skill level 6 in Long Blades
  3593 | D:4      | Reached XP level 7. HP: 26/60 MP: 6/6
  3618 | D:4      | Reached skill level 5 in Fighting
  4210 | D:5      | Entered Level 5 of the Dungeon
  4263 | D:5      | Reached skill level 7 in Long Blades
  4624 | D:5      | Shot with an arrow by a centaur

Levels and vault maps discovered:
D:1:      minmay_arrival_solitary_statue, layout_basic, minivault_4
D:2:      layout_rooms, grunt_temple_overflow_open
D:3:      layout_basic, grunt_temple_overflow_holy_war, first_ration
D:4:      layout_rooms, minmay_diced_spiral
D:5:      layout_rooms

Skill      XL: |  1  2  3  4  5  6  7 |
---------------+----------------------+-----
Fighting       | 4 5 |  5.2
Armour         | 4 5 |  5.7
Long Blades    | 3 4 6 7 |  7.1
Shields        | 4 5 |  5.4
Dodging        | 1 2 |  2.4
Stealth        | |  0.4

Action                   |  1- 3 |  4- 6 |  7- 9 || total
-------------------------+-------+-------+-------++-------
Melee: Long sword        |    82 |   142 |    38 ||   262
       Headbutt          |    13 |    25 |    12 ||    50
       Hand axe          |       |     2 |       ||     2
  Use: Potion            |       |     7 |       ||     7
       Scroll            |       |     4 |       ||     4
  Eat: Chunk             |       |     5 |     1 ||     6
       Ration            |       |     1 |     1 ||     2
Armor: Scale mail        |    41 |    44 |     7 ||    92
Dodge: Dodged            |    25 |    43 |    18 ||    86
Block: Shield            |    45 |    78 |    25 ||   148
       Rpst.: Long sword |     7 |    15 |     9 ||    31
